 Dungeon Crawl Stone Soup version 0.29.1-1-gd02db6906a (console) character file.

Game seed: 14711882454996900924

798 om the Skirmisher (level 7, -2/56 HPs)
             Began as a Gnoll Hunter on Sept 16, 2022.
             Slain by an orc
             ... wielding a +1 short sword of speed
              (4 damage)
             ... on level 6 of the Dungeon.
             The game lasted 00:10:44 (5107 turns).

om the Skirmisher (Gnoll Hunter)                    Turns: 5107, Time: 00:10:44

Health: -2/56      AC:  3    Str: 10    XL:     7   Next: 89%
Magic:  10/11      EV: 14    Int:  9    God:
Gold:   316        SH:  0    Dex: 17    Spells: 11/11 levels left

rFire   . . .      SeeInvis .   g - +1 short sword (holy)
rCold   . . .      Faith    .   (no shield)
rNeg    . . .      Spirit   .   c - +0 leather armour
rPois   .          Reflect  .   (no helmet)
rElec   .          Harm     .   (no cloak)
rCorr   .          Rampage  .   (no gloves)
Will    .....                   (no boots)
Stlth   ++........              (no amulet)
HPRegen 0.18/turn               (no ring)
MPRegen 0.12/turn               (no ring)

@: mighty
A: fangs 1, strong nose, distributed training
a: no special abilities


You were on level 6 of the Dungeon.
You visited 2 branches of the dungeon, and saw 6 of its levels.
You also visited: Sewer.

You collected 316 gold pieces.

Inventory:

Hand Weapons
 a - a +0 shortbow
 b - the +6 long sword "Xuologh" {flame, rCorr}
   (You found it on level 3 of the Dungeon)

   It burns those it strikes, dealing additional fire damage.
   Big, fiery blades are also staple armaments of hydra-hunters.
   rCorr:     It protects you from acid and corrosion.
 g - a +1 short sword of holy wrath (weapon)
 s - a +1 whip of venom
Armour
 c - a +0 leather armour (worn)
Jewellery
 f - a ring of fire
Wands
 l - a wand of charming (8)
 r - a wand of polymorph (1)
Scrolls
 d - a scroll of brand weapon {unknown}
 e - a scroll of immolation
 j - a scroll of amnesia {unknown}
 m - 3 scrolls of identify
 o - a scroll of acquirement {unknown}
 p - a scroll of magic mapping {unknown}
 q - a scroll of vulnerability {unknown}
Potions
 h - 2 potions of resistance
 i - a potion of degeneration {unknown}
 k - a potion of might
 n - a potion of attraction {unknown}


   Skills:
 + Level 5.4 Fighting
 + Level 2.9 Short Blades
 + Level 2.9 Long Blades
 + Level 2.9 Axes
 + Level 2.9 Maces & Flails
 + Level 2.9 Polearms
 + Level 2.9 Staves
 + Level 9.0 Ranged Weapons
 + Level 2.9 Throwing
 + Level 2.9 Armour
 + Level 5.4 Dodging
 + Level 3.8 Stealth
 + Level 2.9 Shields
 + Level 2.9 Unarmed Combat
 + Level 2.9 Spellcasting
 + Level 2.3 Conjurations
 + Level 2.3 Hexes
 + Level 2.3 Summonings
 + Level 2.3 Necromancy
 + Level 2.3 Translocations
 + Level 2.3 Transmutations
 + Level 2.3 Fire Magic
 + Level 2.3 Ice Magic
 + Level 2.3 Air Magic
 + Level 2.3 Earth Magic
 + Level 2.3 Poison Magic
 + Level 3.2 Invocations
 + Level 2.9 Evocations


You had 11 spell levels left.
You didn't know any spells.
Your spell library contained the following spells:

 Spells                   Type           Power      Damage    Failure   Level
 Summon Small Mammal      Summ           20%        N/A       16%         1
 Call Canine Familiar     Summ           5%         N/A       41%         3
 Summon Guardian Golem    Hex/Summ       5%         N/A       41%         3


Dungeon Overview and Level Annotations

Branches:
Dungeon (6/15)             Temple (1/1) D:5           Sewer (visited)

Altars:
Ashenzari
Dithmenos
Elyvilon
Fedhas
Gozag
Hepliaklqana
Kikubaaqudgha
Makhleb
Nemelex Xobeh
Ru
Sif Muna
Trog
Uskayaw
Vehumet
Wu Jian
Xom
Yredelemnul
Zin

Annotations:
D:5 3 runed translucent doors, BigDaddyOpFi's ghost, amateur DEVM


Innate Abilities, Weirdness & Mutations

You have very sharp teeth.
Your uncanny sense of smell can sniff out nearby items.
Your experience applies equally to all skills.


Message History

The orc hits you with a +1 short sword of speed.
Unknown command.
Okay, then.
The orc shouts!
You hit Grinder.
Grinder convulses.
Grinder is almost dead.
You hear a shout!
Something hits you but does no damage. Grinder gestures at you.
Pain shoots through your body!
* * * LOW HITPOINT WARNING * * *
The orc misses you.
You closely miss Grinder.
Grinder is almost dead.
Something hits you but does no damage. Grinder hits you.
* * * LOW HITPOINT WARNING * * *
You writhe in agony.
* * * LOW HITPOINT WARNING * * *
The orc barely misses you. The orc misses you.
Okay, then.
It was a potion of might.
You feel very mighty all of a sudden.
An orc comes into view. It is wielding a +0 hand axe.
Grinder hits you but does no damage. The orc barely misses you.
You hit Grinder.
You kill Grinder!
Something hits you.
* * * LOW HITPOINT WARNING * * *
The orc priest closely misses you.
The orc hits you with a +1 short sword of speed.
* * * LOW HITPOINT WARNING * * *
The orc closely misses you.
Your Ranged Weapons skill increases to level 9!
Your Invocations skill increases to level 3!
You puncture the orc priest!
You kill the orc priest!
Something hits you.
* * * LOW HITPOINT WARNING * * *
The orc hits you with a +1 short sword of speed.
You die...

#.......##. .........#
###........ #........#
#..##..#. #........#
#........ . #........#
##.#....# .. #........#
#.#..### ... #........#
#.##.### ∆ ♣..!##........#
#....... ..)).o...o@...#
####.##. ∆ .♣)##...)o...#
#...<.
##.##############..##.
####.#####...........##.
##........#..........).#.
###.........#..........###.
#...........#............#.
#...........#..........#.#.
##.#....##...÷.....(.......


You could see 3 orcs.

Vanquished Creatures
  Grinder (D:6)
  A black bear (D:5)
  An ogre (D:5)
  A kobold brigand (D:5)
  2 necrophages
  2 orc priests (D:6)
  A hell rat (Sewer)
  6 adders
  4 river rats (Sewer)
  A worm (D:3)
  A dart slug (D:2)
  7 orcs (D:6)
  11 ball pythons
  6 endoplasms
  5 giant cockroaches
  5 goblins
  5 hobgoblins
  5 quokkas
  6 bats
  A frilled lizard (D:1)
  14 kobolds
  8 rats
94 creatures vanquished.

Vanquished Creatures (others)
  A fungus (D:1)
  3 plants (D:1)
4 creatures vanquished.

Grand Total: 98 creatures vanquished

Notes
Turn   | Place    | Note
-------+----------+-------------------------------------------
     0 | D:1      | om the Gnoll Hunter began the quest for the Orb.
     0 | D:1      | Reached XP level 1. HP: 20/20 MP: 1/1
   419 | D:1      | Reached XP level 2. HP: 26/26 MP: 2/2
   957 | D:1      | Found a faded altar of an unknown god.
   971 | D:1      | Reached XP level 3. HP: 21/31 MP: 3/3
  1264 | D:2      | Reached skill level 1 in Invocations
  1350 | D:2      | Reached skill level 1 in Short Blades
  1350 | D:2      | Reached skill level 1 in Long Blades
  1350 | D:2      | Reached skill level 1 in Axes
  1350 | D:2      | Reached skill level 1 in Maces & Flails
  1350 | D:2      | Reached skill level 1 in Polearms
  1350 | D:2      | Reached skill level 1 in Staves
  1350 | D:2      | Reached skill level 1 in Throwing
  1350 | D:2      | Reached skill level 1 in Armour
  1350 | D:2      | Reached skill level 1 in Shields
  1350 | D:2      | Reached skill level 1 in Unarmed Combat
  1350 | D:2      | Reached skill level 1 in Spellcasting
  1350 | D:2      | Reached skill level 1 in Evocations
  1461 | D:2      | Reached XP level 4. HP: 38/38 MP: 5/5
  1800 | D:3      | Identified the +6 long sword "Xuologh" {flame, rCorr}
  1807 | D:3      | Reached skill level 1 in Conjurations
  1807 | D:3      | Reached skill level 1 in Hexes
  1807 | D:3      | Reached skill level 1 in Summonings
  1807 | D:3      | Reached skill level 1 in Necromancy
  1807 | D:3      | Reached skill level 1 in Translocations
  1807 | D:3      | Reached skill level 1 in Transmutations
  1807 | D:3      | Reached skill level 1 in Fire Magic
  1807 | D:3      | Reached skill level 1 in Ice Magic
  1807 | D:3      | Reached skill level 1 in Air Magic
  1807 | D:3      | Reached skill level 1 in Earth Magic
  1807 | D:3      | Reached skill level 1 in Poison Magic
  1883 | D:3      | Found a hide-covered altar of Uskayaw.
  2114 | D:3      | Found a faded altar of an unknown god.
  2114 | D:3      | You fall into a shaft and drop 2 floors!
  2114 | D:5      | Entered Level 5 of the Dungeon
  2126 | D:5      | Found a runed translucent gate.
  2126 | D:5      | Found a runed translucent gate.
  2126 | D:5      | Found a runed translucent gate.
  2170 | D:5      | Noticed an ogre
  2178 | D:5      | Killed an ogre
  2179 | D:5      | Reached XP level 5. HP: 43/43 MP: 5/7
  2309 | D:5      | Found a staircase to the Ecumenical Temple.
  2318 | Temple   | Entered the Ecumenical Temple
  2511 | D:5      | Noticed an ice beast
  2523 | D:5      | Found a glowing drain.
  2532 | Sewer    | Entered a sewer
  2692 | Sewer    | Reached XP level 6. HP: 16/48 MP: 8/8
  3014 | D:5      | Reached skill level 5 in Fighting
  3014 | D:5      | Reached skill level 5 in Dodging
  3028 | D:5      | Found a shimmering blue altar of Sif Muna.
  3050 | D:5      | Noticed BigDaddyOpFi's ghost (amateur DEVM)
  3306 | D:5      | Noticed a black bear
  3321 | D:5      | Killed a black bear
  3699 | D:5      | Found a shimmering altar of Xom.
  3699 | D:5      | Found a broken altar of Ashenzari.
  3925 | D:6      | Identified the +6 falchion of Ontoin {flame, Contam rElec
                  | rPois Str+3}
  3967 | D:5      | Reached XP level 7. HP: 6/56 MP: 10/10
  5088 | D:6      | Noticed Grinder
  5099 | D:6      | Paralysed by Grinder for 2 turns
  5106 | D:6      | Killed Grinder
  5107 | D:6      | Reached skill level 9 in Ranged Weapons
  5107 | D:6      | HP: 2/56 [something (2)]
  5107 | D:6      | Slain by an orc

Illustrated notes

Levels and vault maps discovered:
D:1:      zelgadis_glass_arrival_small, layout_basic, serial_glass,
          glass_columns_a, glass_columns_a, shapermc_ecumenical_altar_petra
D:2:      layout_basic, minivault_26, minmay_indecisive_spiral
D:3:      layout_rooms, nicolae_uskayaw_suspiria,
          nicolae_overflow_ecumenical_swirl
D:5:      layout_loops_corners, mainiacjoe_overflow_tiny_flanked,
          gammafunk_temple_overflow_pools, temple_fountains,
          gammafunk_ghost_icy, portal_sewer_entry_f
D:6:      layout_basic, grunt_ministairs_10, uniq_grinder
Temple:   nicolae_temple_ecumenical_triangle

Skill      XL: |  1  2  3  4  5  6  7 |
---------------+----------------------+-----
Invocations    | 1 2 3 |  3.2
Short Blades   | 1 2 |  2.9
Long Blades    | 1 2 |  2.9
Axes           | 1 2 |  2.9
Maces & Flails | 1 2 |  2.9
Polearms       | 1 2 |  2.9
Staves         | 1 2 |  2.9
Throwing       | 1 2 |  2.9
Armour         | 1 2 |  2.9
Shields        | 1 2 |  2.9
Unarmed Combat | 1 2 |  2.9
Spellcasting   | 1 2 |  2.9
Evocations     | 1 2 |  2.9
Conjurations   | 1 2 |  2.3
Hexes          | 1 2 |  2.3
Summonings     | 1 2 |  2.3
Necromancy     | 1 2 |  2.3
Translocations | 1 2 |  2.3
Transmutations | 1 2 |  2.3
Fire Magic     | 1 2 |  2.3
Ice Magic      | 1 2 |  2.3
Air Magic      | 1 2 |  2.3
Earth Magic    | 1 2 |  2.3
Poison Magic   | 1 2 |  2.3
Stealth        | 3 |  3.8
Fighting       | 5 |  5.4
Dodging        | 5 |  5.4
Ranged Weapons | 9 |  9.0

Action                   |  1- 3 |  4- 6 |  7- 9 || total
-------------------------+-------+-------+-------++-------
Melee: Short sword       |    15 |       |     7 ||    22
       Bite              |     2 |     1 |     3 ||     6
       Long sword        |       |    31 |    15 ||    46
       Punch             |       |       |     3 ||     3
 Fire: Shortbow          |    96 |    94 |    27 ||   217
  Use: Scroll            |     1 |     5 |       ||     6
       Potion            |       |     3 |     2 ||     5
Armor: Leather armour    |     5 |    17 |     8 ||    30
       Skin              |       |    26 |       ||    26
Dodge: Dodged            |    25 |    59 |    29 ||   113
